 Dungeon Crawl Stone Soup version 0.20.0-1-g1cb1d84 (webtiles) character file.

7947 dududu the Grappler (level 11, -1/101 HPs)
             Began as a Ghoul Monk on May 26, 2017.
             Was an Elder of Makhleb.
             Slain by Phaedo's ghost (13 damage)
             ... on level 10 of the Dungeon.
             The game lasted 00:34:56 (8537 turns).

dududu the Grappler (Ghoul Monk)                    Turns: 8537, Time: 00:34:57

Health: -1/101     AC: 18    Str: 17    XL:     11   Next: 23%
Magic:  22/22      EV:  7    Int:  5    God:    Makhleb [****..]
Gold:   442        SH:  0    Dex: 13    Spells: 10/10 levels left

rFire    + . .     SeeInvis .     - Unarmed
rCold    + . .     Gourm    .   (no shield)
rNeg     + + +     Faith    .   c - +0 plate armour
rPois    ∞         Spirit   .   j - +2 helmet
rElec    .         Reflect  .   r - +2 cloak
rCorr    .         Harm     .   (no gloves)
MR       .....                  (no boots)
Stlth    ..........             n - amulet of regeneration
Regen    0.0/turn               x - ring of magical power
MPRegen  0.2/turn               J - ring of protection from fire

@: rotting
A: rotting body, claws 1, carnivore 3, cold resistance 1, negative energy
resistance 3, inhibited regeneration, torment resistance, unbreathing
a: Minor Destruction, Lesser Servant of Makhleb, Major Destruction, Renounce
Religion


You were on level 10 of the Dungeon.
You worshipped Makhleb.
Makhleb was greatly pleased with you.
You were not hungry.

You visited 1 branch of the dungeon, and saw 10 of its levels.
You also visited: Sewer.

You collected 442 gold pieces.

Inventory:

Missiles
 d - 507 stones (quivered)
 e - 6 tomahawks
 A - 14 poisoned needles
Armour
 a - a +0 robe
 c - a +0 plate armour (worn)
 j - a +2 helmet (worn)
 k - a +0 chain mail
 r - a +2 cloak (worn)
 I - a +2 pair of gloves
Jewellery
 n - an amulet of regeneration (around neck)
 x - a ring of magical power (left claw)
 J - a ring of protection from fire (right claw)
Wands
 h - a wand of random effects (29/48)
 w - a wand of scattershot (3/9)
 y - a wand of confusion (22/48)
 C - a wand of acid (3/15)
 H - a wand of paralysis (10/24)
 K - a wand of lightning (5/15)
Scrolls
 f - 5 scrolls of enchant weapon
 m - 3 scrolls of magic mapping
 o - 3 scrolls of amnesia
 p - 6 scrolls of teleportation
 z - a scroll of remove curse
 D - 4 scrolls of identify
 F - a scroll of fog
 L - a scroll of immolation {unknown}
Potions
 g - 3 potions of flight
 i - 2 potions of agility
 l - 7 potions of curing
 q - 2 potions of heal wounds
 s - a potion of magic {unknown}
 t - a potion of might {unknown}
 u - a potion of brilliance
 v - a potion of resistance
 B - 5 potions of haste
 G - a potion of invisibility {unknown}
Comestibles
 b - 10 meat rations
 E - 4 royal jellies
 M - 3 chunks of flesh


   Skills:
 - Level 10.4 Fighting
 + Level 5.3 Armour
 - Level 6.1 Dodging
 - Level 2.1 Stealth
 - Level 12.0 Unarmed Combat
 * Level 4.9 Invocations


You had 10 spell levels left.
You didn't know any spells.

Dungeon Overview and Level Annotations

Branches:
Dungeon (10/15)            Temple (0/1) D:7            Lair (0/6) D:10
    Orc: D:9-12

Altars:
Fedhas
Gozag
Kikubaaqudgha
Makhleb
Okawaru
Qazlal
Ru
Sif Muna
Trog
Uskayaw
The Shining One

Annotations:
D:10 Phaedo's ghost, journeyman MfSk


Innate Abilities, Weirdness & Mutations

Your body is rotting away.
You thrive on raw meat.
You are immune to poison.
You have sharp fingernails.
You are carnivorous and can eat meat at any time.
Your flesh is cold resistant. (rC+)
You are immune to negative energy. (rN+++)
You do not regenerate when monsters are visible.
You are immune to unholy pain and torment.
You can survive without breathing.


Message History

Phaedo's ghost is almost destroyed.
Phaedo's ghost hits you but does no damage.
The sky beast barely misses you.
You closely miss Phaedo's ghost.
Phaedo's ghost is almost destroyed.
Phaedo's ghost hits you! The sky beast hits you.
* * * LOW HITPOINT WARNING * * *
The sky beast shocks you.
* * * LOW HITPOINT WARNING * * *
You miss Phaedo's ghost.
Phaedo's ghost is almost destroyed.
Phaedo's ghost hits you!
* * * LOW HITPOINT WARNING * * *
You closely miss Phaedo's ghost.
Phaedo's ghost is almost destroyed.
The sky beast hits you but does no damage.
You scratch Phaedo's ghost. Your claw misses Phaedo's ghost.
Phaedo's ghost is almost destroyed.
Phaedo's ghost hits you!
You die...

#.....# #.# #.....# #.#
#.....####### ###.#
#............ #...#
#............
#...######............
####..............##†.##.
#................###.).##
#.......@Y..<....##.....#
#.......W†.......#.......
#................#..P....
#........................
#........###'#...........
#####....#...#.......>...
#....#...#...........
#....#...#....)......
#...)#...#...#.......


You could see a sky beast and Phaedo's ghost.

Vanquished Creatures
  A hydra (D:8)
  The ghost of skittles the Arsonist, a novice DrFE (D:6)
  A hippogriff (D:9)
  A dream sheep (D:8)
  Sigmund (D:4)
  A wyvern (D:8)
  2 yaks (D:8)
  Grum (D:8)
  3 wargs (D:10)
  2 ice beasts (D:10)
  3 sky beasts
  A hornet zombie (D:7)
  3 orc warriors
  2 phantoms
  3 ogres
  A wolf (D:8)
  A centaur (D:9)
  2 big kobolds (D:8)
  5 bullfrogs
  A wyvern zombie (D:6)
  A scorpion (D:6)
  A wyvern skeleton (D:8)
  A killer bee (D:8)
  16 wights
  A howler monkey (D:5)
  3 crimson imps
  3 hounds
  7 orc priests
  A quasit (D:8)
  Crazy Yiuf (D:3)
  2 jellies (D:5)
  An orc wizard (D:9)
  2 centaur skeletons
  An iguana (D:5)
  8 worker ants
  A killer bee zombie (D:7)
  2 hound zombies
  5 gnolls
  4 river rats (Sewer)
  13 adders
  2 shadow imps
  An ooze (D:1)
  An adder zombie (D:5)
  An adder skeleton (D:5)
  2 worms
  2 dart slugs
  7 leopard geckos
  17 orcs
  8 bats
  6 giant cockroaches
  9 goblins
  10 hobgoblins
  11 jackals
  13 kobolds
  7 quokkas
  7 ball pythons
  16 frilled lizards
  A jackal skeleton (D:4)
  15 rats
246 creatures vanquished.

Vanquished Creatures (collateral kills)
  A two-headed ogre (D:8)
  A glowing orange brain (D:8)
  A manticore (D:8)
  A troll (D:10)
  A dream sheep (D:8)
  3 ogres (D:8)
  A centaur (D:10)
  A wolf (D:8)
  A big kobold (D:8)
  4 killer bees (D:8)
  A jelly (D:8)
  An adder (D:8)
  A jackal zombie (D:8)
  A plant (D:8)
19 creatures vanquished.

Grand Total: 265 creatures vanquished

Notes
Turn   | Place    | Note
-------+----------+-------------------------------------------
     0 | D:1      | dududu the Ghoul Monk began the quest for the Orb.
     0 | D:1      | Reached XP level 1. HP: 19/19 MP: 0/0
    81 | D:1      | Reached XP level 2. HP: 23/26 MP: 1/1
    98 | D:1      | Reached skill level 4 in Unarmed Combat
   361 | D:1      | Reached XP level 3. HP: 23/31 MP: 2/2
   784 | D:1      | Reached skill level 5 in Unarmed Combat
   883 | D:2      | Reached XP level 4. HP: 15/38 MP: 3/3
  1714 | D:3      | Found a runed door.
  1718 | D:3      | Noticed Crazy Yiuf
  1730 | D:3      | Killed Crazy Yiuf
  1730 | D:3      | Reached XP level 5. HP: 19/45 MP: 4/4
  1838 | D:3      | Found an opulent altar of Gozag.
  2103 | D:3      | Found a glowing drain.
  2114 | Sewer    | Entered a sewer
  2170 | Sewer    | Reached skill level 6 in Unarmed Combat
  2269 | Sewer    | Reached XP level 6. HP: 35/53 MP: 5/5
  2764 | D:4      | Reached skill level 5 in Fighting
  2844 | D:4      | Noticed Sigmund
  2868 | D:4      | Killed Sigmund
  2868 | D:4      | Reached skill level 7 in Unarmed Combat
  2868 | D:4      | Reached XP level 7. HP: 49/62 MP: 6/6
  3298 | D:4      | Found an iron altar of Okawaru.
  3308 | D:4      | Found a sacrificial altar of Ru.
  3587 | D:5      | Entered Level 5 of the Dungeon
  3587 | D:5      | Found a blossoming altar of Fedhas.
  3608 | D:5      | Found an ancient bone altar of Kikubaaqudgha.
  3878 | D:5      | Reached skill level 1 in Armour
  4455 | D:5      | Reached skill level 8 in Unarmed Combat
  4455 | D:5      | Reached XP level 8. HP: 70/70 MP: 7/7
  4869 | D:6      | Found a burning altar of Makhleb.
  4874 | D:6      | Became a worshipper of Makhleb the Destroyer
  4874 | D:6      | Reached * piety under Makhleb
  4874 | D:6      | Reached ** piety under Makhleb
  4920 | D:6      | Reached skill level 1 in Invocations
  5032 | D:6      | Reached skill level 9 in Unarmed Combat
  5292 | D:6      | Reached XP level 9. HP: 74/75 MP: 11/11
  5332 | D:6      | Found a glowing golden altar of the Shining One.
  5454 | D:6      | Noticed skittles's ghost (novice DrFE)
  5508 | D:6      | Killed skittles's ghost
  5508 | D:6      | Reached skill level 5 in Armour
  5508 | D:6      | Reached skill level 10 in Unarmed Combat
  5714 | D:6      | Found a hide-covered altar of Uskayaw.
  5727 | D:6      | Found a deep blue altar of Sif Muna.
  5955 | D:7      | Found a staircase to the Ecumenical Temple.
  6466 | D:7      | Reached *** piety under Makhleb
  6620 | D:8      | Reached skill level 5 in Dodging
  6738 | D:8      | Reached XP level 10. HP: 83/83 MP: 12/12
  6804 | D:8      | Noticed a three-headed hydra
  6808 | D:8      | Killed a three-headed hydra
  6808 | D:8      | Reached skill level 11 in Unarmed Combat
  6902 | D:8      | Found a bloodstained altar of Trog.
  6926 | D:8      | Noticed Grum
  6926 | D:8      | Noticed a two-headed ogre
  6940 | D:8      | Killed Grum
  6941 | D:8      | Killed a two-headed ogre
  7069 | D:8      | Noticed a glowing orange brain
  7077 | D:8      | Noticed a manticore
  7081 | D:8      | Killed a glowing orange brain
  7091 | D:8      | Killed a manticore
  7095 | D:8      | Found a sacrificial altar of Ru.
  7095 | D:8      | Found a glowing golden altar of the Shining One.
  7501 | D:9      | Found a stormy altar of Qazlal.
  7613 | D:9      | Reached skill level 12 in Unarmed Combat
  7647 | D:9      | Reached XP level 11. HP: 96/96 MP: 13/13
  7923 | D:9      | Reached **** piety under Makhleb
  7995 | D:10     | Entered Level 10 of the Dungeon
  8163 | D:10     | Reached skill level 10 in Fighting
  8416 | D:10     | Found a staircase to the Lair.
  8487 | D:10     | Noticed Phaedo's ghost (journeyman MfSk)
  8537 | D:10     | Slain by Phaedo's ghost

Skill      XL: |  1  2  3  4  5  6  7  8  9 10 11 |
---------------+----------------------------------+-----
Unarmed Combat | 4 5 6 7 8 9 10 12 | 12.0
Fighting       | 4 5 6 9 10 | 10.4
Armour         | 2 3 5 |  5.3
Invocations    | 4 |  4.9
Dodging        | 6 |  6.1
Stealth        | |  2.1

Action                   |  1- 3 |  4- 6 |  7- 9 | 10-12 || total
-------------------------+-------+-------+-------+-------++-------
Melee: Unarmed           |    97 |   274 |   469 |   229 ||  1069
       Punch             |     2 |     1 |    10 |     4 ||    17
Throw: Stone             |    12 |     6 |    21 |    18 ||    57
Invok: Minor Destruction |       |       |     2 |       ||     2
       Lesser Servant of |       |       |       |     4 ||     4
Evoke: Wand              |       |       |       |     1 ||     1
  Use: Scroll            |       |    10 |    10 |     3 ||    23
 Stab: Sleeping          |     3 |       |       |       ||     3
       Distracted        |       |       |       |     1 ||     1
  Eat: Chunk             |    15 |    15 |    14 |    15 ||    59
Armor: Robe              |    14 |       |       |       ||    14
       Plate armour      |       |   154 |   228 |   139 ||   521
Dodge: Dodged            |    37 |    50 |    99 |    66 ||   252
